 Dungeon Crawl Stone Soup version 0.30-a0-782-ge64f9170bb (console) character file.

Game seed: 16925005998799216107

18426 utis the Destroyer (level 12, -5/67 (72) HPs)
             Began as a Tengu Wanderer on Feb 25, 2023.
             Slain by a minotaur
             ... wielding the +1 short sword "Coelivvo" {drain, Str+4 Dex+3}
              (11 damage)
             ... in a Gauntlet.
             The game lasted 01:44:53 (18112 turns).

utis the Destroyer (Tengu Wanderer)                Turns: 18112, Time: 01:44:54

HP:   -5/67 (72)    AC: 13    Str: 11    XL:     12   Next: 58%
MP:   15/19         EV: 19    Int: 22    God:
Gold: 859           SH:  4    Dex: 11    Spells: 4/19 levels left

rFire   + + .      SeeInvis +    a - +2 flail (drain)
rCold   . . .      Faith    .    d - +0 buckler
rNeg    . . .      Spirit   .    U - +4 ring mail {rF+}
rPois   .          Reflect  .    T - +2 hat {SInv}
rElec   .          Harm     .    W - scarf {shadows}
rCorr   .          Rampage  .    y - +0 pair of gloves
Will    .....      NoTele   +    (boots unavailable)
Stlth   +                        g - amulet of regeneration {@e1}
HPRegen 1.11/turn                f - ring of protection from fire
MPRegen 0.16/turn                E - +5 ring of evasion

@: flying quickly and evasively, studying Shields, drained, quick
A: beak, talons 3, nimble flight
a: no special abilities


You were in a Gauntlet.
You visited 2 branches of the dungeon, and saw 12 of its levels.
You also visited: Sewer, Ossuary, Bailey and Gauntlet.

You collected 859 gold pieces.

Inventory:

Hand Weapons
 a - a +2 flail of draining (weapon)
 b - the +9 sword of Power {lifebolt}
   (You found it in a Gauntlet)
 N - a +0 morningstar
Missiles
 j - 31 poisoned darts
 u - 3 datura-tipped darts
 O - 4 curare-tipped darts {=f}
Armour
 d - a +0 buckler (worn)
 k - the +1 leather armour of Negligence {rPois rF- Str+7}
   (You found it on level 10 of the Dungeon)

   Str:       It affects your strength (+7).
   rF:        It makes you vulnerable to fire.
   rPois:     It protects you from poison.
 r - a +2 cloak
 y - a +0 pair of gloves (worn)
 T - a +2 hat of see invisible (worn)
 U - a +4 ring mail of fire resistance (worn)
 V - a +3 leather armour
 W - a scarf of shadows (worn)
Magical Staves
 w - a staff of fire
Jewellery
 c - the amulet of Yryrph {Spirit Fly}
   (You found it in a Gauntlet)

   [amulet of guardian spirit]

   It causes incoming damage to be divided between your reserves of health and
   magic.
   Fly:       It grants you flight.
 f - a ring of protection from fire (left hand)
 g - an amulet of regeneration (around neck) {@e1}
 o - a +4 ring of protection
 v - a ring of see invisible
 C - a ring of ice
 E - a +5 ring of evasion (right hand)
 F - a ring of fire
 J - a ring of resist corrosion
 Z - a ring of wizardry
Wands
 B - a wand of roots (5)
 L - a wand of polymorph (5)
 Y - a wand of quicksilver (15)
Scrolls
 h - a scroll of magic mapping
 p - 5 scrolls of fog
 s - 4 scrolls of teleportation {@r4}
 z - 3 scrolls of blinking
 D - 5 scrolls of enchant weapon
 I - 2 scrolls of fear
 R - 2 scrolls of amnesia
Potions
 e - a potion of invisibility
 l - 4 potions of haste {@q3}
 m - 4 potions of heal wounds {@q2}
 n - 2 potions of brilliance
 q - 2 potions of ambrosia
 x - 5 potions of curing {@q1}
 G - a potion of resistance {unknown}
 K - 3 potions of attraction
 M - 3 potions of might
 S - 2 potions of cancellation {unknown}
 X - a potion of degeneration {unknown}


   Skills:
 - Level 7.5 Fighting
 - Level 2.0(3.6) Maces & Flails
 - Level 4.8(5.0) Staves
 - Level 6.2 Armour
 - Level 7.8 Dodging
 - Level 2.9 Shields
 - Level 4.0 Spellcasting
 - Level 10.0 Conjurations
 - Level 2.0 Summonings
 - Level 1.0 Transmutations
 - Level 10.0 Fire Magic
 - Level 8.0 Air Magic
 + Level 8.1 Evocations


You had 4 spell levels left.
You knew the following spells:

 Your Spells              Type           Power      Damage    Failure   Level
y - Sticky Flame          Conj/Fire      48%        2d7       5%          4
z - Summon Small Mammal   Summ           52%        N/A       14%         1
W - Flame Wave            Conj/Fire      48%        2d12      5%          4
X - Poisonous Vapours     Pois/Air       44%        N/A       10%         2
Y - Foxfire               Conj/Fire      100%       2x1d9     1%          1
Z - Kindle Blastsparks    Fire/Tloc/Air  60%        2d15      9%          3

Your spell library contained the following spells:

 Spells                   Type           Power      Damage    Failure   Level
 Magic Dart               Conj           100%       1d8       1%          1
 Searing Ray              Conj           96%        2d7       1%          2
 Inner Flame              Hex/Fire       26%        N/A       12%         3
 Beastly Appendage        Tmut           16%        N/A       22%         1
 Ignite Poison            Fire/Tmut/Pois 20%        N/A       22%         3
 Sting                    Tmut/Pois      24%        1d4       26%         1
 Apportation              Tloc           8%         N/A       32%         1
 Necrotise                Necr           16%        1d4       32%         1
 Fulminant Prism          Conj/Hex       13%        3d8       38%         4
 Spider Form              Tmut/Pois      6%         N/A       61%         3
 Olgreb's Toxic Radiance  Pois           4%         N/A       97%         4
 Freezing Cloud           Conj/Ice/Air   15%        6-21      58%         5


Dungeon Overview and Level Annotations

Branches:
Dungeon (11/15)            Temple (0/1) D:6            Lair (1/5) D:9
  Sewer (visited)         Ossuary (visited)          Bailey (visited)
Gauntlet (1/1)
    Orc: D:9-12

Altars:
Ashenzari
Okawaru
Vehumet
Zin
The Shining One

Shops:
D:5 :

Annotations:
Gauntlet 12 transporters


Innate Abilities, Weirdness & Mutations

You have a beak for a mouth.
You have claws for feet.
Your magical nature lets you fly swiftly and evasively.


Message History

You hit the hell hound. Your kick misses the hell hound.
The hell hound is severely wounded.
The hell hound barely misses you. You block the hell hound's attack.
You sock the hell hound!
You kill the hell hound!
No reachable target in view!
You see here a hell hound corpse.
You pick up a manual of Shields and begin studying.
There are no items here.
c - the amulet of Yryrph {Spirit Fly}
p - 5 scrolls of fog (gained 1)
The neqoxec shouts!
Partly explored, unvisited transporter.
Partly explored, unvisited transporter.
You see here a hell hog corpse.
You see here a hell hound corpse.
There is a transporter landing site here.
There is a transporter here.
You enter the transporter and appear at another place.
A minotaur comes into view.
It is wielding the +1 short sword "Coelivvo" {drain, Str+4 Dex+3}, wearing a +4 ring mail of fire resistance and quivering silver javelins.
The minotaur bellows!
The minotaur throws a silver javelin.
The silver javelin pierces through you!!
Unknown command.
The minotaur hits you but does no damage.
You feel drained. The minotaur gores you!
Casting: Sticky Flame (dangerous; 5% risk of failure)
Confirm with . or Enter, or press ? or * to list all spells.
Aiming: Sticky Flame (dangerous; 5% risk of failure)
Press: ? - help, Shift-Dir - straight line, f - minotaur
Aim: a minotaur, wielding the +1 short sword "Coelivvo" {drain, Str+4 Dex+3}, wearing a +4 ring mail of fire resistance and quivering silver javelins The sticky flame hits the minotaur but does no damage.
The minotaur is covered in liquid flames!
The minotaur burns!
The minotaur hits you with the +1 short sword "Coelivvo" {drain, Str+4 Dex+3}!!
* * * LOW HITPOINT WARNING * * *
You feel drained.
* * * LOW HITPOINT WARNING * * *
The minotaur gores you!
You die...

.............≈∩≈.................
▒▒▒▒▒▒▒▒▒▒▒▒▒▒▒▒▒▒▒▒▒▒▒▒▒▒▒▒▒▒▒▒▒
▒ ▒8▒▓≈...............≈▓▒8▒ ▒8▒ ▒
▒ ▒▒▒▓8§.©.©.©.©.©.©..8▓▒▒▒ ▒▒▒ ▒
▓≈§..............§▓
▓▓▓.▓▓.▓▓.▓▓.▓▓.▓▓▓ ▓.▓▓.▓▓.▓▓.▓▓
............▓ ▓.▓▓.▓▓Q▓▓.▓▓▓ ▓
▓.▓▓H▓▓.▓▓▓ ..H.......▓
.░'░▓▓.▓▓.▓ ░.░▓▓.▓▓.▓ ░ ░......▓
░▓.▓▓.▓▓ ▓.▓ .▓ ... ▓


You could see a minotaur (burning).

Vanquished Creatures
  Gastronok (D:9)
  Snorg (D:11)
  Fannar (D:11)
  Erolcha (D:11)
  A hell hog (Gauntlet)
  A two-headed ogre (D:8)
  2 orc high priests (Bailey)
  An orc knight (Bailey)
  2 wizards (Gauntlet)
  A manticore (D:11)
  2 gargoyles
  A cane toad (Lair:1)
  3 komodo dragons (D:11)
  3 trolls
  Prince Ribbit (D:7)
  Sigmund (D:5)
  A wyvern (D:9)
  3 wraiths
  Eustachio (D:5)
  4 fire bats (Gauntlet)
  15 yaks
  A steam dragon (D:9)
  A vampire mosquito (D:11)
  An acid dragon (D:10)
  A water moccasin (D:8)
  2 hell hounds (Gauntlet)
  13 orc warriors
  2 black bears (D:9)
  2 sky beasts (D:7)
  2 ogres
  2 ice beasts
  5 centaurs
  An elf zombie (D:4)
  3 kobold brigands
  3 bullfrogs
  3 necrophages
  4 scorpions
  2 elf skeletons (D:4)
  4 killer bees (D:10)
  8 electric eels (Bailey)
  5 howler monkeys
  6 orc priests
  A gnoll bouda (D:6)
  2 hounds (D:4)
  2 jellies
  Jessica (D:2)
  A human skeleton (D:4)
  4 iguanas
  5 orc wizards
  6 mummies (Ossuary)
  10 gnolls
  7 adders
  3 shadow imps
  4 white imps
  2 ufetubi
  2 worms
  5 dart slugs
  26 orcs
  6 bats
  5 endoplasms
  5 giant cockroaches
  13 goblins
  11 hobgoblins
  2 jackals (D:2)
  20 kobolds
  10 quokkas
  7 ball pythons
  6 frilled lizards
  4 hobgoblin zombies (Ossuary)
  An orc skeleton (D:4)
  An orc zombie (D:4)
  4 rats
294 creatures vanquished.

Vanquished Creatures (others)
  A ball python (D:4)
  288 foxfires
  5 fungi
  7 plants
301 creatures vanquished.

Grand Total: 595 creatures vanquished

Notes
Turn   | Place    | Note
-------+----------+-------------------------------------------
     0 | D:1      | utis the Tengu Wanderer began the quest for the Orb.
     0 | D:1      | utis set off with the following items: a +0 dagger, a
                  | potion of might, a +0 robe, a +0 buckler; and the following
                  | spells available to memorise: Foxfire, Beastly Appendage,
                  | Ignite Poison, Spider Form, Flame Wave.
     0 | D:1      | Reached XP level 1. HP: 10/10 MP: 3/3
     2 | D:1      | Learned a level 1 spell: Foxfire
   180 | D:1      | Reached XP level 2. HP: 16/16 MP: 4/4
   183 | D:1      | Learned a level 2 spell: Poisonous Vapours
   430 | D:1      | Reached skill level 1 in Conjurations
   947 | D:2      | Reached skill level 1 in Fighting
   979 | D:2      | Reached XP level 3. HP: 20/20 MP: 1/5
  1540 | D:2      | Noticed Jessica
  1546 | D:2      | Killed Jessica
  1547 | D:2      | Reached XP level 4. HP: 25/25 MP: 2/6
  1551 | D:2      | Learned a level 1 spell: Summon Small Mammal
  2705 | D:3      | Gained mutation: Your magical nature lets you fly swiftly
                  | and evasively. [Tengu growth]
  2705 | D:3      | Reached XP level 5. HP: 30/30 MP: 7/7
  2890 | D:4      | Found a sand-covered staircase.
  2898 | D:4      | Reached skill level 1 in Maces & Flails
  2902 | Ossuary  | Entered an ossuary
  3153 | D:4      | Reached XP level 6. HP: 34/37 MP: 8/8
  3374 | D:4      | Found a glowing drain.
  3379 | Sewer    | Entered a sewer
  3495 | Sewer    | Reached XP level 7. HP: 42/43 MP: 6/9
  3809 | D:4      | You are sucked into a shaft and drop 3 floors!
  3920 | D:7      | Learned a level 4 spell: Sticky Flame
  4021 | D:6      | Found an iron altar of Okawaru.
  4143 | D:6      | Reached skill level 5 in Fighting
  4173 | D:6      | Found a staircase to the Ecumenical Temple.
  4479 | D:6      | Reached skill level 5 in Fire Magic
  4568 | D:6      | Reached skill level 1 in Summonings
  4587 | D:5      | Entered Level 5 of the Dungeon
  4590 | D:5      | Reached XP level 8. HP: 49/49 MP: 8/10
  4772 | D:5      | Noticed Sigmund
  4843 | D:5      | Killed Sigmund
  4992 | D:5      | Learned a level 4 spell: Flame Wave
  5607 | D:4      | Reached skill level 5 in Conjurations
  6167 | D:4      | Reached XP level 9. HP: 49/54 MP: 7/14
  6501 | D:5      | Found Jomputej's Book Shop.
  6594 | D:5      | Noticed Eustachio
  6627 | D:5      | Killed Eustachio
  7204 | D:6      | Found a radiant altar of Vehumet.
  7205 | D:6      | Found a glowing golden altar of the Shining One.
  7592 | D:7      | Noticed a gargoyle
  7613 | D:7      | Killed a gargoyle
  7922 | D:7      | Learned a level 3 spell: Kindle Blastsparks
  8108 | D:7      | Noticed Prince Ribbit
  8118 | D:7      | Killed Prince Ribbit
  8119 | D:7      | Reached skill level 5 in Dodging
  8861 | D:8      | Found a flagged portal.
  8870 | Bailey   | Entered a bailey
  9122 | Bailey   | Noticed an orc knight
  9302 | Bailey   | Reached XP level 10. HP: 54/60 MP: 14/17
  9365 | Bailey   | Reached skill level 10 in Conjurations
  9423 | Bailey   | Reached skill level 5 in Armour
  9749 | Bailey   | Identified the +2 robe "Vaaniges" {rF+}
  9976 | Bailey   | Reached skill level 1 in Air Magic
 10183 | Bailey   | Killed an orc knight
 10270 | Bailey   | Found an iron altar of Okawaru.
 10272 | Bailey   | Noticed an orc high priest
 10272 | Bailey   | Noticed an orc high priest
 10274 | Bailey   | Noticed a soul eater
 10275 | Bailey   | Noticed a smoke demon
 10275 | Bailey   | Noticed a soul eater
 10278 | Bailey   | Noticed a smoke demon
 10281 | Bailey   | Noticed a rust devil
 10281 | Bailey   | Noticed a soul eater
 10459 | Bailey   | Killed an orc high priest
 10534 | Bailey   | Killed an orc high priest
 10819 | Bailey   | Acquired a staff of fire
 10828 | Bailey   | Found an iron altar of Okawaru.
 11319 | D:8      | Reached skill level 1 in Evocations
 11373 | D:8      | Reached skill level 1 in Staves
 11387 | D:8      | Noticed a two-headed ogre
 11712 | D:8      | Killed a two-headed ogre
 11713 | D:8      | Reached XP level 11. HP: 55/66 MP: 5/18
 12950 | D:9      | Found a staircase to the Lair.
 13087 | D:9      | Noticed Gastronok
 13187 | D:9      | Killed Gastronok
 13188 | D:9      | Reached skill level 5 in Evocations
 14026 | D:10     | Entered Level 10 of the Dungeon
 14149 | D:10     | Found a broken altar of Ashenzari.
 14348 | D:10     | Identified the +1 leather armour of Negligence {rPois rF-
                  | Str+7}
 14434 | D:10     | Reached skill level 5 in Air Magic
 14859 | D:10     | Found a glowing silver altar of Zin.
 14859 | D:10     | Noticed an angel
 15356 | D:11     | Noticed a manticore
 15384 | D:11     | Killed a manticore
 15554 | D:11     | Noticed Fannar
 15559 | D:11     | Killed Fannar
 15560 | D:11     | Reached XP level 12. HP: 60/72 MP: 10/19
 15995 | D:11     | Noticed Erolcha
 16002 | D:11     | Noticed Snorg
 16173 | D:11     | Killed Snorg
 16207 | D:11     | Killed Erolcha
 16746 | Lair:1   | Entered Level 1 of the Lair of Beasts
 16753 | Lair:1   | Found a gate leading to a gauntlet.
 16776 | Gauntlet | Entered a Gauntlet
 16776 | Gauntlet | Found a transporter.
 17040 | Gauntlet | Found a transporter.
 17048 | Gauntlet | Found a transporter.
 17053 | Gauntlet | Found a transporter.
 17061 | Gauntlet | Noticed a death scarab
 17072 | Gauntlet | Found a transporter.
 17076 | Gauntlet | Noticed a death scarab
 17077 | Gauntlet | Found the +0 mask of the Dragon {Will+ Slay+3 SInv}
 17088 | Gauntlet | Found a transporter.
 17105 | Gauntlet | Found a transporter.
 17113 | Gauntlet | Found a transporter.
 17130 | Gauntlet | Found a transporter.
 17132 | Gauntlet | Noticed a hell hog
 17135 | Gauntlet | Found a transporter.
 17144 | Gauntlet | Noticed a wretched star
 17152 | Gauntlet | Found a transporter.
 17158 | Gauntlet | Found a transporter.
 17176 | Gauntlet | Found a transporter.
 17181 | Gauntlet | Found a transporter.
 17222 | Gauntlet | Found a transporter.
 17248 | Gauntlet | Found a transporter.
 17250 | Gauntlet | Found a transporter.
 17344 | Gauntlet | Found the +9 sword of Power {lifebolt}
 17855 | Gauntlet | Found a transporter.
 17976 | Gauntlet | Killed a hell hog
 17977 | Gauntlet | Reached skill level 10 in Fire Magic
 18036 | Gauntlet | Identified the amulet of Yryrph {Spirit Fly}
 18105 | Gauntlet | Identified the +1 short sword "Coelivvo" {drain, Str+4
                  | Dex+3}
 18105 | Gauntlet | Noticed a minotaur
 18112 | Gauntlet | Slain by a minotaur

Illustrated notes

Levels and vault maps discovered:
D:1:      spicycebolla_arrival_ecumenical, layout_loops_cross,
          kennysheep_minor_cross
D:2:      layout_rooms, st_stairs_13, uniq_jessica
D:3:      minmay_diamond_boxcup, layout_basic
D:4:      layout_gridville, nicolae_ossuary_entry_catacombs,
          portal_sewer_entry_e, lemuel_flame_loot_1
D:5:      layout_cave_pools, serial_shops, nicolae_stop_n_shop_2,
          uniq_eustachio, uniq_sigmund
D:6:      layout_basic, gammafunk_temple_overflow_statue,
          mainiacjoe_overflow_small_starburst, minmay_temple_entry_statues,
          minmay_tree_intersection
D:7:      layout_gridville, uniq_prince_ribbit1
D:8:      layout_rooms, enter_bailey_2
D:9:      layout_gridville, grunt_lair_entry_orc_guard_hut,
          columned_hall_lemuel, uniq_gastronok
D:10:     layout_irregular_city, zin_angel, mainiacjoe_overflow_boulevard,
          serial_bayou_pond_e
D:11:     layout_rooms, hangedman_corner_corridor, uniq_snorg, uniq_fannar,
          uniq_erolcha
Lair:1:   layout_hall_layers, gauntlet_entry_generic, minivault_25
Gauntlet: gammafunk_gauntlet_one_two_three [gammafunk_gauntlet_arena_corners,
          nicolae_gauntlet_arena_flowing_pool, gammafunk_gauntlet_arena_mazey,
          gammafunk_gauntlet_arena_chambers, nicolae_gauntlet_arena_x,
          gammafunk_gauntlet_arena_teeth, gammafunk_gauntlet_arena_spirals,
          gammafunk_gauntlet_arena_split_x,
          gammafunk_gauntlet_arena_split_diamond, gauntlet_exit_green]

Skill      XL: |  1  2  3  4  5  6  7  8  9 10 11 12 |
---------------+-------------------------------------+-----
Conjurations   | 1 2 6 9 10 | 10.0
Fighting       | 1 2 3 4 5 6 7 |  7.5
Dodging        | 3 4 5 7 |  7.8
Maces & Flails | 1 2 |  2.0
Armour         | 2 3 4 6 |  6.2
Fire Magic     | 5 6 7 8 10 | 10.0
Summonings     | 1 2 |  2.0
Spellcasting   | 3 4 |  4.0
Air Magic      | 3 6 8 |  8.0
Shields        | 2 |  2.9
Evocations     | 3 6 8 |  8.1
Staves         | 2 4 |  4.8
Transmutations | |  1.0

Action                     |  1- 3 |  4- 6 |  7- 9 | 10-12 || total
---------------------------+-------+-------+-------+-------++-------
  Melee: Dagger            |    36 |       |       |       ||    36
         Kick              |     7 |    31 |    42 |   127 ||   207
         Peck              |     3 |    20 |    22 |    80 ||   125
         Mace              |     1 |   132 |    85 |       ||   218
         Long sword        |       |       |    74 |   108 ||   182
         Flail             |       |       |       |   214 ||   214
  Throw: Stone             |     1 |       |       |       ||     1
   Cast: Foxfire           |    25 |    25 |    79 |    41 ||   170
         Poisonous Vapours |       |       |    29 |    79 ||   108
         Summon Small Mamm |       |       |     2 |       ||     2
         Sticky Flame      |       |       |     6 |    58 ||    64
         Kindle Blastspark |       |       |     6 |     4 ||    10
         Flame Wave        |       |       |     3 |     2 ||     5
    Use: Scroll            |       |     4 |     3 |    15 ||    22
         Potion            |       |       |     1 |     1 ||     2
 Armour: Scale mail        |     6 |       |       |       ||     6
         Robe              |     1 |       |       |       ||     1
         Ring mail         |       |    55 |    55 |    55 ||   165
         Leather armour    |       |       |       |    59 ||    59
  Dodge: Dodged            |    16 |   102 |    88 |   359 ||   565
  Block: Buckler           |     7 |    24 |    63 |    92 ||   186
         Reflection        |       |       |     1 |       ||     1

Table legend: (Time is in decaauts)
 A = Elapsed time spent in this place.
 B = Non-inter-level travel time spent in this place.
 C = Inter-level travel time spent in this place.
 D = Time resting spent in this place.
 E = Time spent auto-exploring this place.
 F = Levels seen in this place.
 G = Mean time per level.
                   A        B        C        D        E       F      G
               +--------+--------+--------+--------+--------+-----+--------+
         Total |  17415 |  16559 |    856 |   4366 |   6903 |  16 | 1088.4 |
       Dungeon |  13362 |  12506 |    856 |   3306 |   6048 |  11 | 1214.7 |
          Lair |     28 |     28 |      0 |      0 |      0 |   1 |   28.0 |
         Sewer |    304 |    304 |      0 |      0 |    155 |   1 |  304.0 |
       Ossuary |    236 |    236 |      0 |    101 |      0 |   1 |  236.0 |
        Bailey |   2235 |   2235 |      0 |    717 |    438 |   1 | 2235.0 |
      Gauntlet |   1247 |   1247 |      0 |    242 |    260 |   1 | 1247.0 |
               +--------+--------+--------+--------+--------+-----+--------+

Top non-repeatable levels by time:
  Bailey: 2235 daAuts
     D:7: 1579 daAuts
    D:11: 1570 daAuts
     D:4: 1332 daAuts
     D:8: 1330 daAuts
     D:9: 1307 daAuts
Gauntlet: 1247 daAuts
     D:6: 1214 daAuts
     D:3: 1117 daAuts
     D:5: 1097 daAuts
    D:10: 996 daAuts
     D:2: 935 daAuts
     D:1: 880 daAuts
   Sewer: 304 daAuts
 Ossuary: 236 daAuts
